AoeStats
← MIOSE5358

Black Forest

510199576Analyzed
4v4 RM · 3d ago on Sep 29, 2026· 58m 38s· 8 players
Game mode
Random Map
Map size
Large (8 player)
Population
200
Speed
Normal
Resources
Standard
Victory
Conquest
Starting age
Dark Age
Ending age
Imperial Age
RankedLock teamsTeams togetherTeam positionsShared explorationLock speedFull tech treeHidden civsTurbo modeCheats
Victory
Defeat
🇺🇸 Franks · United States
808
+5
🇳🇿 Hindustanis · New Zealand
757
+6
🇯🇵 Persians · Japan
740
+7
🇺🇸 Khmer · United States
738
+7
🇹🇷 Magyars · Türkiye
565
-7
🇺🇸 Mongols · United States
542
-7
🇪🇸 Spanish · Spain
502
-6
🇻🇪 Turks · Venezuela
447
-5
non-offensive-name
0:51 Loom
25:08 Feudal Age
27:15 Wheelbarrow
26:23 Horse Collar
26:35 Double-Bit Axe
26:57 Man-at-Arms
27:23 Arson
27:48 Stone Mining
27:48 Gold Mining
39:14 Bloodlines
39:57 Town Watch
43:30 Castle Age
41:44 Forging
41:35 Padded Archer Armor
41:51 Fletching
42:06 Scale Mail Armor
42:38 Scale Barding Armor
45:54 Husbandry
46:19 Chain Barding Armor
46:35 Iron Casting
46:37 Chain Mail Armor
46:37 Leather Archer Armor
46:18 Bodkin Arrow
48:06 Gold Shaft Mining
48:29 Pikeman
49:28 Squires
50:19 Heavy Plow
52:01 Stone Shaft Mining
52:37 Hand Cart
51:55 Light Cavalry
53:12 Fortified Wall
53:24 Ballistics
53:58 Bow Saw
54:26 Masonry
57:02 Long Swordsman
☾☆ KaaN ☯
14:02 Feudal Age
18:52 Scale Barding Armor
24:11 Castle Age
25:12 Double-Bit Axe
26:51 Fishing Lines
29:34 Bow Saw
30:06 Horse Collar
31:40 Corvinian Army
32:51 Pikeman
33:55 Bloodlines
33:46 Husbandry
33:50 Gillnets
35:25 Arson
36:03 Chain Barding Armor
35:44 Scale Mail Armor
37:35 Wheelbarrow
40:15 Imperial Age
38:22 Wheelbarrow
43:04 Hand Cart
42:12 Halberdier
42:17 Cavalier
42:27 Elite Magyar Huszar
42:31 Heavy Scorpion
42:34 Onager
43:39 Paladin
juliocesar_111_7
0:42 Loom
19:52 Feudal Age
21:35 Wheelbarrow
20:49 Double-Bit Axe
20:56 Gold Mining
21:09 Horse Collar
21:17 Town Watch
22:41 Stone Mining
24:07 Man-at-Arms
28:12 Padded Archer Armor
28:03 Fletching
33:17 Castle Age
31:31 Arson
32:01 Forging
34:09 Town Patrol
33:37 Crossbowman
34:56 Gold Shaft Mining
34:56 Caravan
35:25 Heavy Plow
38:17 Leather Archer Armor
38:49 Fortified Wall
39:02 Ballistics
42:52 Imperial Age
40:28 Treadmill Crane
41:50 Bow Saw
41:52 Bodkin Arrow
44:06 Conscription
44:27 Hand Cart
44:18 Squires
43:59 Long Swordsman
45:19 Elite Janissary
47:20 Masonry
52:58 Ring Archer Armor
52:46 Thumb Ring
57:21 Architecture
MIOSE5358
13:08 Feudal Age
14:33 Wheelbarrow
13:41 Horse Collar
13:49 Double-Bit Axe
14:23 Fishing Lines
24:18 Castle Age
25:28 Heavy Plow
26:00 Stone Mining
26:06 Gold Mining
27:10 Bow Saw
29:12 Hand Cart
31:01 Stone Shaft Mining
34:11 Imperial Age
32:12 Ballistics
34:04 Bloodlines
34:02 Padded Archer Armor
33:53 Fletching
35:10 Leather Archer Armor
36:20 Two-Man Saw
38:47 Caravan
39:59 Chemistry
39:36 Ring Archer Armor
40:44 Guilds
40:30 Gillnets
40:53 Murder Holes
40:55 Bodkin Arrow
41:30 Conscription
43:55 Forging
43:46 Bracer
46:13 Elite Conquistador
47:34 Iron Casting
46:59 Scale Mail Armor
47:05 Scale Barding Armor
54:00 Husbandry
57:12 Chain Mail Armor
57:17 Chain Barding Armor
57:58 Blast Furnace
57:36 Arson
59:12 Fortified Wall
59:34 Plate Mail Armor
59:39 Plate Barding Armor
momoney9964
1:39 Loom
14:32 Feudal Age
17:14 Wheelbarrow
19:20 Double-Bit Axe
20:19 Stone Mining
23:33 Castle Age
28:27 Hand Cart
30:47 Hand Cart
32:13 Bow Saw
32:37 Caravan
34:45 Fletching
34:56 Padded Archer Armor
38:11 Imperial Age
36:59 Ballistics
37:01 Leather Archer Armor
36:41 Bodkin Arrow
38:51 Husbandry
39:02 Bloodlines
40:53 Chemistry
39:21 Elite Ballista Elephant
40:22 Conscription
40:03 Double Crossbow
40:14 Tusk Swords
43:38 Stone Shaft Mining
42:53 Gold Mining
42:33 Elite Battle Elephant
43:42 Heavy Scorpion
46:18 Capped Ram
53:46 Bracer
CaptSquigglyP_IV
0:39 Loom
17:18 Feudal Age
19:26 Double-Bit Axe
22:05 Wheelbarrow
24:36 Castle Age
27:53 Bow Saw
31:10 Hand Cart
32:20 Gold Mining
37:56 Imperial Age
37:19 Husbandry
37:40 Forging
37:36 Scale Barding Armor
37:34 Treadmill Crane
38:16 Ballistics
38:08 Fortified Wall
39:16 Conscription
38:22 Cavalier
39:47 Paladin
40:35 Chivalry
42:16 Padded Archer Armor
42:17 Scale Mail Armor
42:11 Fletching
44:10 Chemistry
43:16 Siege Engineers
44:12 Town Watch
44:30 Caravan
49:20 Iron Casting
49:43 Chain Barding Armor
52:55 Blast Furnace
52:31 Plate Barding Armor
53:05 Murder Holes
53:21 Masonry
52:54 Elite Skirmisher
55:06 Gold Shaft Mining
54:07 Capped Ram
55:24 Bodkin Arrow
DK3175
0:28 Loom
12:46 Feudal Age
19:20 Castle Age
17:46 Double-Bit Axe
18:19 Horse Collar
27:04 Heavy Plow
30:24 Wheelbarrow
31:42 Hand Cart
32:31 Bloodlines
33:16 Forging
33:12 Scale Barding Armor
33:27 Husbandry
34:54 Iron Casting
34:37 Bow Saw
38:28 Imperial Age
36:23 Chain Barding Armor
36:12 Grand Trunk Road
38:34 Heavy Camel Rider
39:37 Conscription
38:43 Siege Elephant
40:42 Two-Man Saw
40:24 Imperial Camel Rider
42:10 Chemistry
40:50 Onager
53:35 Blast Furnace
53:18 Plate Barding Armor
kokokun
1:46 Loom
16:26 Feudal Age
20:52 Castle Age
19:06 Double-Bit Axe
19:05 Horse Collar
19:19 Stone Mining
19:23 Gold Mining
21:38 Bow Saw
24:14 Wheelbarrow
25:10 Hand Cart
26:42 Heavy Plow
29:57 Gold Shaft Mining
30:01 Stone Shaft Mining
28:50 Crossbowman
29:36 Thumb Ring
29:57 Parthian Tactics
32:31 Imperial Age
31:41 Padded Archer Armor
31:31 Fletching
32:07 Ballistics
31:44 Murder Holes
33:15 Kamandaran
35:16 Two-Man Saw
35:16 Leather Archer Armor
34:57 Bodkin Arrow
35:11 Thumb Ring
36:42 Chemistry
37:41 Masonry
36:58 Elite War Elephant
37:50 Scale Barding Armor
38:35 Crop Rotation
39:31 Husbandry
39:41 Bloodlines
39:58 Citadels
40:25 Hoardings
42:33 Architecture
42:27 Forging
56:49 Town Watch
Connection lost

Rejoining the realm…

Still unreachable

The connection could not be restored.

Session expired

The server has moved on; the page needs a fresh start.